 Dungeon Crawl Stone Soup version 0.27.1-33-g824d729ab1 (webtiles) character file.

Game seed: 12267181761669945082

509 bellerephron the Slasher (level 6, 0/47 HPs)
             Began as a Demonspawn Gladiator on Nov 27, 2021.
             Was a Believer of Okawaru.
             Slain by a lemure (4 damage)
             ... led by Pikel
             ... on level 5 of the Dungeon.
             The game lasted 00:09:25 (5665 turns).

bellerephron the Slasher (Demonspawn Gladiator)     Turns: 5665, Time: 00:09:26

Health: 0/47       AC: 20    Str: 16    XL:     6   Next: 98%
Magic:  8/8        EV: 10    Int:  9    God:    Okawaru [**....]
Gold:   197        SH:  0    Dex: 15    Spells: 5/5 levels left

rFire    . . .     SeeInvis .   b - +2 dagger (venom)
rCold    . . .     Faith    .   (no shield)
rNeg     . . .     Spirit   .   o - +4 chain mail {Will+}
rPois    .         Reflect  .   (helmet restricted)
rElec    .         Harm     .   (no cloak)
rCorr    +         Rampage  .   (no gloves)
Will     +....                  (no boots)
Stlth    ..........             (no amulet)
HPRegen  0.15/turn              j - ring of resist corrosion
MPRegen  0.22/turn              (no ring)

@: heroic, sanguine armoured, on berserk cooldown, attractive, slowed, very slow
A: antennae 2, magic regeneration, sanguine armour 1
a: Renounce Religion, Heroism


You were on level 5 of the Dungeon.
You worshipped Okawaru.
Okawaru was pleased with you.
You visited 1 branch of the dungeon, and saw 4 of its levels.

You collected 197 gold pieces.

Inventory:

Hand Weapons
 a - a +0 long sword
 b - a +2 dagger of venom (weapon)
 h - a +0 dagger of draining
Missiles
 d - a throwing net (quivered)
 m - 311 stones
 q - 2 curare-tipped darts
 r - 5 poisoned darts
Armour
 c - a +0 helmet
 k - a +0 leather armour
 o - a +4 chain mail of willpower (worn)
Jewellery
 j - a ring of resist corrosion (left hand)
 l - a +6 ring of strength
Wands
 s - a wand of acid (7)
Potions
 i - a potion of curing
 n - a potion of might {unknown}
 p - a potion of degeneration {unknown}


   Skills:
 + Level 3.1(8.1) Fighting
 + Level 2.8(8.8) Short Blades
 + Level 3.9(9.3) Long Blades
 + Level 1.8(6.8) Throwing
 + Level 2.8(7.8) Armour
 + Level 3.3(8.3) Dodging
 * Level 3.6 Invocations


You had 5 spell levels left.
You didn't know any spells.
Your spell library was empty.

Dungeon Overview and Level Annotations

Branches:
Dungeon (3/15)

Altars:
Cheibriados
Gozag
Okawaru

Annotations:
D:5 Pikel


Innate Abilities, Weirdness & Mutations

You have a pair of antennae on your head.
You regenerate magic rapidly.
When seriously injured, your bleeding wounds create armour. (AC +6)


Message History

The gnoll hits you but does no damage. The ogre hits you with a +0 giant club.
The lemure hits you but does no damage. The gnoll is pulled toward you! x2
Unknown command.
Unknown command.
You hit the ogre.
The ogre is lightly wounded.
The gnoll closely misses you. The gnoll barely misses you.
The gnoll hits you but does no damage. x3
The gnoll shaman hits you but does no damage.
Unknown command.
Unknown command.
You closely miss the ogre.
The ogre is lightly wounded.
The lemure hits you but does no damage. The ogre hits you with a +0 giant club!
* * * LOW HITPOINT WARNING * * *
The gnoll closely misses you. The gnoll barely misses you.
The gnoll closely misses you.
The gnoll hits you but does no damage. x2
Unknown command.
You hit the ogre.
The ogre is moderately wounded.
The gnoll shaman invokes the aid of its god against you.
You resist with almost no effort. The lemure closely misses you.
The gnoll hits you but does no damage. The gnoll closely misses you.
The ogre hits you with a +0 giant club!
* * * LOW HITPOINT WARNING * * *
The gnoll hits you but does no damage.
Unknown command.
Unknown command.
You hit the ogre but do no damage.
The ogre is poisoned.
The ogre is moderately wounded.
The gnoll hits you.
* * * LOW HITPOINT WARNING * * *
The gnoll hits you but does no damage. The lemure hits you but does no damage.
The gnoll barely misses you. The gnoll closely misses you.
Unknown command.
You hit the ogre.
The ogre is heavily wounded.
The ogre barely misses you.
The gnoll hits you but does no damage. x2
The lemure hits you.
You die...

#....g≈≈≈.#.#
.......##{..≈...#..
..... ##..≈......
...... ##.≈.#....
...... ##.≈.# ...
......# ##..≈.#
...hg##...≈.#
#hgggg.≈≈.###
##g@gg≈≈.....#
#g5Og≈......(
#KS5hg≈...#..#
#gg55..≈..##..#
........≈≈.......
≈≈≈≈≈≈≈≈≈.....#
...............#
.....#.#........
......#....#...


You could see Pikel, a water moccasin, an ogre (very poisoned), 4 lemures, a
wolf, a gnoll shaman, a hound, 12 gnolls and a jackal.

Vanquished Creatures
  4 kobold brigands (D:3)
  Ijyb (D:3)
  11 gnolls
  An adder (D:2)
  2 worms
  2 dart slugs (D:2)
  An orc (D:3)
  5 endoplasms
  3 giant cockroaches
  6 goblins
  7 hobgoblins
  42 kobolds
  2 quokkas (D:2)
  5 bats
  3 frilled lizards
  7 rats
102 creatures vanquished.

Vanquished Creatures (others)
  A fungus (D:1)
  A plant (D:1)
2 creatures vanquished.

Grand Total: 104 creatures vanquished

Notes
Turn   | Place    | Note
-------+----------+-------------------------------------------
     0 | D:1      | bellerephron the Demonspawn Gladiator began the quest for
                  | the Orb.
     0 | D:1      | Reached XP level 1. HP: 16/16 MP: 1/1
   736 | D:1      | Gained mutation: You have a pair of small antennae on your
                  | head. [demonic ancestry]
   736 | D:1      | Reached XP level 2. HP: 20/22 MP: 2/2
   806 | D:1      | Found a faded altar of an unknown god.
   811 | D:1      | Became a worshipper of Warmaster Okawaru
   811 | D:1      | Reached * piety under Okawaru
  1637 | D:2      | Reached skill level 1 in Invocations
  1833 | D:2      | Gained mutation: When seriously injured, your bleeding
                  | wounds create armour. (AC +6) [demonic ancestry]
  1833 | D:2      | Reached XP level 3. HP: 11/19 MP: 3/3
  2992 | D:3      | Found a snail-covered altar of Cheibriados.
  3083 | D:3      | Found an opulent altar of Gozag.
  3510 | D:3      | Gained mutation: You have a pair of antennae on your head.
                  | [demonic ancestry]
  3510 | D:3      | Reached XP level 4. HP: 24/29 MP: 5/5
  3873 | D:3      | Reached skill level 1 in Armour
  4031 | D:3      | Noticed a kobold brigand
  4045 | D:3      | Killed a kobold brigand
  4046 | D:3      | Reached skill level 1 in Short Blades
  4046 | D:3      | Gained mutation: You regenerate magic rapidly. [demonic
                  | ancestry]
  4046 | D:3      | Reached XP level 5. HP: 34/39 MP: 6/6
  4234 | D:3      | Reached ** piety under Okawaru
  4411 | D:3      | Reached XP level 6. HP: 27/46 MP: 8/8
  4973 | D:3      | Noticed Ijyb
  4983 | D:3      | Killed Ijyb
  5641 | D:3      | You fall into a shaft and drop 2 floors!
  5641 | D:5      | Entered Level 5 of the Dungeon
  5641 | D:5      | Noticed a two-headed ogre
  5651 | D:5      | Noticed a water moccasin
  5653 | D:5      | Noticed Pikel
  5665 | D:5      | Slain by a lemure

Illustrated notes

Levels and vault maps discovered:
D:1:      dpeg_arrival_arbitrary_c, layout_basic,
          shapermc_ecumenical_altar_petra
D:2:      layout_loops_corners
D:3:      minmay_goblin_kobold_castle, layout_basic,
          mainiacjoe_overflow_24_doors, mainiacjoe_overflow_brackets, uniq_ijyb
D:5:      layout_cave_pools, serial_gnoll_camp, gnoll_camp_mini_house,
          gnoll_camp_mini_house, gnoll_camp_medium_01, gnoll_camp_mini_hut,
          gnoll_camp_huts_moat, serial_shops, shop, uniq_pikel

Skill      XL: |  1  2  3  4  5  6 |
---------------+-------------------+-----
Dodging        | 3 |  3.3
Long Blades    | 3 |  3.9
Invocations    | 1 2 3 |  3.6
Armour         | 1 2 |  2.8
Short Blades   | 1 2 |  2.8
Fighting       | 3 |  3.1
Throwing       | |  1.8

Action                   |  1- 3 |  4- 6 || total
-------------------------+-------+-------++-------
Melee: Long sword        |   102 |       ||   102
       Dagger            |    39 |   191 ||   230
Throw: Throwing net      |       |     2 ||     2
Invok: Heroism           |       |     1 ||     1
  Use: Potion            |       |     5 ||     5
 Stab: Held in net/web   |       |     1 ||     1
Armor: Chain mail        |    85 |   163 ||   248
Dodge: Dodged            |    36 |   108 ||   144
       Rpst.: Long sword |     7 |       ||     7
